Unix NetHack Version 5.0.0-0 post-release - last build Jul 14 2026 02:55:29 (1809b74e8187c3a3585e283601c3028b46cbbdcb,branch:main).

Game began 2026-07-14 02:11:40, ended 2026-07-16 01:37:32.

KnightLite, lawful female human Samurai

                                 --
                                ....
                             ---...-
                             |....-
                          ----./.-
            -----       .........|
             .).|       .. -------
     ---------..--      -%--
     |.......|..)--   ...A.
     |....@..|....---..A*a.
     |...@...A.Aa.aa......
     |......A|...%---...
     |.......|...--
     ---------..--
             ...|
            -----

KnightLite the Daimyo  St:25 Dx:18 Co:18 In:9 Wi:18 Ch:8  Lawful
Astral Plane $:2  HP:305(346) Pw:70(70) AC:-33 Xp:22 T:55572 

Latest messages:
 The magic missile hits the Angel of Raijin.
 The magic missile whizzes by you!
 The magic missile hits the priest of Amaterasu Omikami!
 The Angel of Susanowo points at you, then curses.
 The invisible priestess of Raijin swings her mace at the gray dragon.
 The invisible priestess of Raijin hits the gray dragon.
 The invisible priestess of Raijin hits the gray dragon.
 The priest of Amaterasu Omikami casts a spell!
 The priest of Amaterasu Omikami looks better.
 The priest of Susanowo swings his mace at the gray dragon.
 The priest of Susanowo hits the gray dragon.
 The priest of Susanowo hits the gray dragon.
 You hit the Angel of Raijin with the cockatrice corpse.
 The Angel of Raijin is slowing down.
 The Angel of Raijin turns to stone.
 The high priestess intones:
 "Pilgrim, you enter a sacred place!"
 The giant beetle misses it.
 The Angel of Susanowo wields a long sword!
 The invisible priestess of Raijin swings her mace at the gray dragon.
 The invisible priestess of Raijin hits the gray dragon.
 The invisible priestess of Raijin hits the gray dragon.
 The priest of Amaterasu Omikami swings his mace at the giant beetle.
 The priest of Amaterasu Omikami hits the giant beetle.
 The giant beetle is killed!
 The giant beetle misses the giant beetle.
 The priest of Amaterasu Omikami casts a spell!
 The priest of Amaterasu Omikami looks better.
 "Hast thou been drinking, or art thou always so clumsy?"
 The Angel of Susanowo points at you, then curses.
 The priest of Amaterasu Omikami swings his mace at the Angel of Susanowo.
 The priest of Amaterasu Omikami misses the Angel of Susanowo.
 The priest of Amaterasu Omikami misses the Angel of Susanowo.
 Talk to whom? (in what direction) 4
 The high priestess of Amaterasu Omikami gives you two bits for an ale.
 The giant beetle misses the giant beetle.
 The Angel of Susanowo points at you, then curses.
 What do you want to sacrifice?
 You were wearing the Amulet of Yendor named REAL.
 You offer the Amulet of Yendor to Amaterasu Omikami...
 An invisible choir sings, and you are bathed in radiance...
 The voice of Amaterasu Omikami booms out: "Mortal, thou hast done well!"
 "In return for thy service, I grant thee the gift of Immortality!"
 You ascend to the status of Demigoddess...
 Do you want your possessions identified? [ynq] (y) y
 Do you want to see your attributes? [ynq] (y) y
 Do you want an account of creatures vanquished? [ynaq] (y) y
 Do you want a list of species genocided and extinct? [ynaq] (y) y
 Do you want to see your conduct and achievements? [ynq] (y) y
 Do you want to see the dungeon overview? [ynq] (y) y

Inventory:
 Coins    ('$')
  $ - 2 gold pieces
 Amulets  ('"')
  q - a blessed amulet of flying
 Weapons  (')')
  l - the blessed rustproof +6 Excalibur
  a - a blessed rustproof +7 katana (alternate weapon; not wielded)
 Armor    ('[')
  W - a blessed +2 dwarvish iron helm (being worn)
  Z - a blessed rustproof +4 pair of gauntlets of power (being worn)
  C - a blessed fireproof +2 pair of speed boots (being worn)
  A - a blessed fireproof +3 cloak of magic resistance (being worn)
  P - a blessed +5 Hawaiian shirt with a tropical fish motif (being worn)
  d - a blessed +4 silver dragon scale mail (being worn)
 Comestibles  ('%')
  I - 2 uncursed lumps of royal jelly
  u - an uncursed cockatrice corpse (wielded)
  y - an uncursed lizard corpse
 Spellbooks  ('+')
  L - the uncursed Book of the Dead
 Potions  ('!')
  z - 2 uncursed potions of extra healing
 Rings    ('=')
  t - a blessed ring of conflict (on right hand)
  f - a blessed ring of free action
  b - a blessed ring of regeneration
  n - an uncursed ring of shock resistance
  i - an uncursed ring of slow digestion (on left hand)
 Wands    ('/')
  D - a wand of cancellation (1:0)
  T - a cursed wand of cancellation (0:5)
  j - a wand of create monster (0:14)
  V - a wand of light (0:6)
  k - a wand of lightning (0:6)
  G - a wand of teleportation (0:6)
  Y - a wand of teleportation (0:6)
  e - a wand of teleportation (0:5)
  U - a wand of teleportation (0:5)
  B - a wand of teleportation (0:4)
  v - a wand of teleportation (0:3)
  w - a wand of teleportation (0:3)
  F - a wand of teleportation (0:3)
  h - a wand of teleportation (0:2)
 Tools    ('(')
  m - a blessed bag of holding containing 113 items
  c - the Bell of Opening (0:2)
  O - the uncursed Candelabrum of Invocation (0 of 7 candles attached)
  s - an uncursed osaku named LOCK PICK
  E - an uncursed towel
  H - a blessed +0 unicorn horn
 Gems/Stones  ('*')
  K - a blessed luckstone

Contents of the bag of holding:
  an uncursed amulet of magical breathing
  the blessed +0 Tsurugi of Muramasa
  the blessed rustproof +1 Snickersnee
  an uncursed +1 pair of yugake
  15 uncursed C-rations
  an uncursed carrot
  an uncursed fortune cookie
  4 uncursed K-rations
  an uncursed tripe ration
  2 cursed lizard corpses
  a blessed scroll of amnesia
  a blessed scroll of blank paper
  2 uncursed scrolls of blank paper
  an uncursed scroll of confuse monster
  3 blessed scrolls of create monster
  an uncursed scroll of create monster
  2 uncursed scrolls of earth
  a blessed scroll of enchant weapon
  9 blessed scrolls of remove curse
  an uncursed scroll of remove curse
  an uncursed scroll of scare monster
  an uncursed scroll of stinking cloud
  a blessed scroll of teleportation
  8 uncursed scrolls of teleportation
  4 cursed scrolls of teleportation
  an uncursed potion of gain energy
  2 blessed potions of gain level
  a cursed potion of gain level
  2 blessed potions of healing
  a cursed potion of healing
  3 uncursed potions of paralysis
  3 uncursed potions of polymorph
  an uncursed potion of restore ability
  a blessed potion of sake
  an uncursed potion of sake
  4 potions of holy water
  2 uncursed potions of water
  an uncursed ring of fire resistance
  an uncursed +5 ring of gain strength
  an uncursed ring of invisibility
  an uncursed ring of poison resistance
  a blessed +3 ring of protection
  an uncursed ring of regeneration
  an uncursed ring of shock resistance
  an uncursed ring of stealth
  an uncursed ring of sustain ability
  an uncursed ring of teleport control
  an uncursed ring of teleport control
  an uncursed ring of teleportation
  a wand of cold (0:7)
  a wand of cold (0:6)
  a wand of cold (0:5)
  a wand of cold (0:5)
  a wand of create monster (0:4)
  a wand of death (0:0)
  a cursed wand of death (0:0)
  a wand of digging (0:8)
  a wand of digging (0:6)
  a wand of digging (0:5)
  a wand of digging (0:4)
  a wand of digging (0:4)
  a wand of digging (0:4)
  a wand of digging (0:3)
  a wand of digging (0:3)
  a wand of digging (0:3)
  a wand of digging (0:2)
  a wand of digging (0:1)
  a wand of digging (0:0)
  a wand of digging (0:0)
  a wand of enlightenment (0:12)
  a wand of enlightenment (0:10)
  a wand of fire (0:7)
  a wand of fire (0:7)
  a wand of fire (0:5)
  a wand of fire (0:4)
  a wand of fire (0:0)
  a wand of lightning (0:8)
  a wand of lightning (0:4)
  a wand of lightning (0:0)
  a wand of magic missile (0:8)
  a wand of magic missile (0:8)
  a wand of magic missile (0:8)
  a wand of magic missile (0:7)
  a wand of magic missile (0:7)
  a wand of magic missile (0:6)
  a wand of magic missile (0:6)
  a wand of magic missile (0:5)
  a wand of magic missile (0:3)
  a wand of magic missile (0:2)
  a wand of make invisible (0:4)
  a wand of make invisible (0:4)
  a wand of sleep (0:6)
  a wand of slow monster (0:4)
  a wand of slow monster (0:0)
  a wand of speed monster (0:4)
  a wand of striking (0:7)
  a wand of striking (0:5)
  a wand of striking (0:5)
  a wand of striking (0:5)
  a wand of striking (0:5)
  a wand of striking (0:4)
  a cursed wand of striking (0:0)
  a wand of undead turning (0:4)
  a wand of undead turning (0:2)
  a wand of undead turning (0:2)
  an expensive camera (0:35)
  5 uncursed tallow candles
  a tinning kit (0:51)
  5 uncursed diamonds
  2 uncursed emeralds
  an uncursed garnet stone
  an uncursed opal
  an uncursed topaz stone

KnightLite the Samurai's attributes:

Background:
 You were a Daimyo, a level 22 female human Samurai.
 You were lawful, on a mission for Amaterasu Omikami
 who was opposed by Raijin (neutral) and Susanowo (chaotic).
 You were right-handed.
 You were in the endgame, on the Astral Plane.
 You entered the dungeon 55572 turns ago.
 It was nighttime.
 There was a new moon in effect when your adventure ended.
 You had 20032464 experience points, 9967536 more were needed for level 23.

Basics:
 You had 305 out of 346 hit points.
 You had all 70 energy points (spell power).
 Your armor class was -33.
 Your wallet contained 2 zorkmids.
 Autopickup was off.

Final Characteristics:
 Your strength was 25 (base:18/01, innate limit:18/100).
 Your dexterity was 18 (limit:18).
 Your constitution was 18 (limit:18).
 Your intelligence was 9 (limit:18).
 Your wisdom was 18 (limit:18).
 Your charisma was 8 (limit:18).

Final Status:
 You weren't hungry.
 You were unencumbered.
 You were wielding a corpse.

Final Attributes:
 You were the Hand of Elbereth.
 You were piously aligned.
 You were magic-protected.
 You were fire resistant.
 You were cold resistant.
 You were sleep resistant.
 You were disintegration resistant.
 You were shock resistant.
 You were poison resistant.
 You saw invisible.
 You were telepathic.
 You were stealthy.
 You caused conflict.
 You had slower digestion.
 You had a moderate defense bonus (+9).
 You were warded.
 You were very fast.
 You had reflection.
 You were extremely lucky.
 You had extra luck.
 Good luck did not time out for you.
 You survived after being killed once.

Miscellaneous:
 You didn't encounter any bones levels.
 Total elapsed playing time was 20 hours, 2 minutes and 53 seconds.

Major events:
 Turn
    1: KnightLite the lawful female human Samurai entered the dungeon
  946: entered the Gnomish Mines
  967: attained the rank of Ronin (level 3)
 1533: attained the rank of Kunoichi (level 6)
 1770: reached Mine Town
 6588: entered Sokoban
 6868: completed 1st Sokoban level
 7123: completed 2nd Sokoban level
 7472: completed 3rd Sokoban level
 8405: completed 4th Sokoban level
11775: attained the rank of Joshu (level 10)
14305: acquired the Mines' End luckstone
18579: performed her first genocide (class L)
18579: genocided class h
18928: entered Home 1, the Quest
25551: attained the rank of Ryoshu (level 14)
26211: was bestowed with Snickersnee by Amaterasu Omikami
29140: killed Medusa
30675: made her first wish - "blessed magic marker", got "a magic marker"
30687: wished for "blessed amulet of flying", got "a square amulet"
30820: wished for "blessed greased fireproof +2 cloak of magic resistance", got "a greased piece of cloth"
31513: was crowned "The Hand of Elbereth" by Amaterasu Omikami
32031: Lord Sato has granted access to proceed deeper into the quest
32088: entered Home 2, the Quest
32173: entered Home 3, the Quest
32590: entered Home 4, the Quest
32771: entered Home 5, the Quest
32909: found the Tsurugi of Muramasa on the floor
32909: killed Ashikaga Takauji
32920: acquired the Bell of Opening
34032: was given Excalibur by the Lady of the Lake
38628: entered Gehennom
39534: killed Juiblex
39912: killed Baalzebub
40386: bribed Asmodeus with 500 zorkmids for safe passage
40989: destroyed Vlad the Impaler
40991: acquired the Candelabrum of Invocation
43013: wished for "blessed rustproof +2 gauntlets of power", got "a pair of riding gloves"
43392: killed Orcus
44840: averted death (petrified by a cockatrice)
49450: killed Croesus
49664: attained the rank of Kokushu (level 18)
52702: killed the Wizard of Yendor
52711: acquired the Book of the Dead
52769: killed the Wizard of Yendor (2nd time)
52952: performed the invocation
53174: killed the high priestess of Moloch
53179: acquired The Amulet of Yendor
53179: wished for "blessed magic marker", got "a magic marker"
53611: killed the Wizard of Yendor (3rd time)
54586: killed the Wizard of Yendor (5th time)
54978: entered the Elemental Planes
54978: entered Plane of Earth
55013: attained the rank of Daimyo (level 22)
55187: entered Plane of Air
55267: entered Plane of Fire
55452: entered Plane of Water
55457: genocided class ;
55532: entered the Astral Plane
55540: killed Death
55544: killed Death (2nd time)
55572: ascended

Spells:
 Name                 Level Category     Fail Retention
 create monster         2   clerical     100%    (gone)

Skills:
 Fighting Skills
   martial arts      [Basic]
   two weapon combat [Expert]
   riding            [Unskilled]
 Weapon Skills
   dagger            [Unskilled]
   knife             [Unskilled]
   short sword       [Skilled]
   broadsword        [Unskilled]
   long sword        [Expert]
   two-handed sword  [Unskilled]
   saber             [Unskilled]
   flail             [Unskilled]
   quarterstaff      [Unskilled]
   polearms          [Unskilled]
   spear             [Unskilled]
   lance             [Unskilled]
   bow               [Basic]
   shuriken          [Unskilled]
 Spellcasting Skills
   attack spells     [Unskilled]
   divination spells [Unskilled]
   clerical spells   [Unskilled]

Voluntary challenges:
 Character rerolling was not enabled.
 You genocided 17 types of monsters.
 You never polymorphed an object.
 You used 5 wishes.
 You did not wish for any artifacts.
 You did not violate any of the special Sokoban rules.
Achievements:
 You entered a shop.
 You entered the Gnomish Mines.
 You attained the rank of Ronin.
 You attained the rank of Kunoichi.
 You entered Minetown.
 You entered a temple.
 You entered Sokoban.
 You attained the rank of Joshu.
 You completed the Gnomish Mines.
 You attained the rank of Ryoshu.
 You defeated Medusa.
 You had the Bell of Opening.
 You entered Gehennom.
 You had the Candelabrum of Invocation.
 You attained the rank of Kokushu.
 You had the Book of the Dead.
 You gained access to Moloch's Sanctum.
 You reached the Elemental Planes.
 You attained the rank of Daimyo.
 You reached the Astral Plane.
 You delivered the Amulet of Yendor.
 You ascended!

 The Elemental Planes:
    Astral Plane: <- You are here.
       A temple and an altar to Amaterasu Omikami.
    Plane of Water:
    Plane of Fire:
    Plane of Air:
    Plane of Earth:
 The Dungeons of Doom: levels 1 to 28
    Level 1:
       One way stairs up to The Elemental Planes.
    Level 2:
       A general store.
    Level 3:
       Stairs down to The Gnomish Mines.
    Level 4: "SINK KICKED"
       A sink.
    Level 5:
    Level 6:
       A potion shop, an altar to Amaterasu Omikami.
    Level 7:
    Level 8:
       Oracle of Delphi.
    Level 9:
       Stairs up to Sokoban, level 8.
    Level 10:
       A general store.
    Level 11:
       An altar to Amaterasu Omikami, a grave.
    Level 12:
    Level 13:
       A throne.
    Level 14:
       Portal to The Quest.
    Level 15:
       A fountain.
    Level 16:
       A primitive area.
    Level 17:
       A throne.
    Level 18:
       A fountain.
    Level 19:
       An altar to Amaterasu Omikami, a fountain.
    Level 20:
       A fountain.
    Level 21:
    Level 22:
       An altar to Amaterasu Omikami.
       Portal to Fort Ludios.
    Level 23:
    Level 24:
       An altar.
    Level 25:
       Some fountains, many trees.
    Level 26:
    Level 27:
    Level 28:
       A fountain.
       The castle.
 Gehennom: levels 29 to 48
    Level 29:
       A temple and an altar, many graves.
       Valley of the Dead.
    Level 30:
    Level 31:
    Level 32:
       Some fountains.
    Level 33:
    Level 34:
    Level 35:
    Level 36:
    Level 37:
       Stairs up to Vlad's Tower, level 36.
    Level 38:
    Level 39:
    Level 40:
    Level 41:
    Level 42:
    Level 43:
       Some shops, an altar, some graves.
    Level 44:
    Level 45:
    Level 46:
    Level 47:
    Level 48:
       A temple and an altar, many graves.
       Moloch's Sanctum.
 The Gnomish Mines: levels 4 to 11
    Level 4:
    Level 5:
    Level 6:
       Many shops, a temple and an altar, some fountains, some trees.
    Level 7:
    Level 8:
    Level 9:
    Level 10:
    Level 11:
       A fountain.
 The Quest: levels 1 to 5
    Level 1:
       Completed quest for Lord Sato.
    Level 2:
    Level 3:
    Level 4:
    Level 5:
 Sokoban: levels 8 up to 5
    Level 5:
       Solved.
    Level 6:
       Solved.
    Level 7:
       Solved.
    Level 8:
       Solved.
 Fort Ludios:
    Level 1:
       Fort Ludios.
 Vlad's Tower: levels 36 up to 34
    Level 34:
       A throne.
    Level 35:
    Level 36:


Vanquished creatures:
    Baalzebub
    Orcus
    Juiblex
the Wizard of Yendor (6 times)
    Death (twice)
    Vlad the Impaler
  a high cleric
  a mastodon
    Medusa
    Croesus
 15 krakens
  2 iron golems
  a storm giant
  8 balrogs
  8 purple worms
  2 gray dragons
  a gold dragon
  6 silver dragons
 15 red dragons
  4 white dragons
  5 orange dragons
  5 black dragons
  3 blue dragons
  2 green dragons
  3 yellow dragons
 27 minotaurs
  3 jabberwocks
    Ashikaga Takauji
  4 baluchitheria
  7 Angels
  5 stone golems
  6 Olog-hai
  5 Nazgul
  9 pit fiends
  2 sandestins
  9 hell hounds
  2 displacer beasts
  9 titanotheres
  a baby blue dragon
  5 baby yellow dragons
  3 guardian nagas
  2 genetic engineers
  2 disenchanters
 28 vampire leaders
  6 skeletons
 12 aligned clerics
 13 captains
  6 shades
  3 clay golems
 17 nurses
 16 ice devils
 12 nalfeshnees
  a lurker above
  2 frost giants
  6 ettins
  9 black puddings
 29 vampires
  7 lieutenants
 33 ghosts
 11 samurai
  4 queen bees
  3 winged gargoyles
 11 giant mimics
  7 long worms
  4 zruties
  6 fire giants
  9 ogre tyrants
 18 ice trolls
 10 rock trolls
  6 umber hulks
  9 flesh golems
  2 elven monarchs
  3 doppelgangers
 16 hezrous
  7 bone devils
  6 large mimics
  2 wumpuses
 12 fire vortices
  2 couatls
 46 stalkers
 13 air elementals
 22 fire elementals
 18 earth elementals
 11 water elementals
 12 hill giants
  4 giant mummies
 12 xorns
 23 giant zombies
  9 elf-nobles
 29 sergeants
  2 water demons
  6 barbed devils
 14 vrocks
 10 salamanders
 13 wargs
  4 winter wolves
 15 hell hound pups
 13 small mimics
  4 glass piercers
  6 warhorses
 19 steam vortices
 13 xans
 15 ettin mummies
 11 ogre leaders
  9 quantum mechanics
 19 trolls
  a sasquatch
  6 wood golems
  2 erinyes
 11 mariliths
  7 sharks
  9 electric eels
 14 gelatinous cubes
  7 pyrolisks
  a large dog
  5 freezing spheres
 18 flaming spheres
 10 shocking spheres
  2 large cats
  6 tigers
  9 gargoyles
  a tengu
 10 ochre jellies
 14 leocrottas
  5 energy vortices
  8 mountain centaurs
  7 stone giants
  3 elf mummies
  a human mummy
 11 red nagas
 10 pythons
 10 pit vipers
  7 cobras
 57 wraiths
  6 carnivorous apes
 15 ettin zombies
  4 leather golems
 10 Grey-elves
118 soldiers
 16 amorous demons
  9 horned devils
  7 chameleons
  6 crocodiles
 13 giant beetles
 10 quivering blobs
 18 cockatrices
 65 wolves
 11 winter wolf cubs
  6 lynxes
  3 panthers
 18 gremlins
  a spotted jelly
  6 leprechauns
  7 orc-captains
  5 iron piercers
  8 mumakil
 13 giant spiders
 11 scorpions
  6 horses
  3 ice vortices
  9 black lights
 13 vampire bats
 10 forest centaurs
  8 gnome rulers
  5 orc mummies
  7 dwarf mummies
 14 ogres
  7 brown puddings
 11 rust monsters
 15 owlbears
 12 yetis
  a gold golem
  a werewolf
 13 Green-elves
  7 piranha
 24 giant eels
 20 lizards
 21 ninja
 10 chickatrices
  4 dingoes
  a dog
  6 housecats
  8 jaguars
  a dwarf leader
  4 blue jellies
  3 gray unicorns
  6 black unicorns
  7 dust vortices
  7 ravens
  8 plains centaurs
  7 gnome mummies
 13 snakes
 10 apes
 13 human zombies
  a rope golem
  9 Woodland-elves
 26 soldier ants
 18 fire ants
  5 bugbears
  2 imps
  2 lemures
  2 quasits
  a wood nymph
  4 water nymphs
  7 mountain nymphs
 11 Mordor orcs
  9 Uruk-hai
  3 orc shamans
  7 rock piercers
 10 rock moles
  2 ponies
  9 fog clouds
 13 yellow lights
  a shrieker
  5 violet fungi
 28 gnome leaders
 12 gnomish wizards
  7 kobold mummies
  2 black naga hatchlings
  6 gray oozes
  3 barrow wights
 16 elf zombies
 12 ghouls
  5 straw golems
  2 paper golems
  7 jellyfish
 20 giant ants
  4 little dogs
  6 floating eyes
  a kitten
 17 dwarves
  6 homunculi
  3 kobold leaders
  3 kobold shamans
 31 hill orcs
 15 rothes
  4 rabid rats
  6 centipedes
  2 giant bats
  5 monkeys
 21 orc zombies
 20 dwarf zombies
  2 wererats
  4 werejackals
  8 iguanas
 54 killer bees
  6 acid blobs
  8 coyotes
  4 gas spores
  3 hobbits
 10 manes
  6 large kobolds
 23 hobgoblins
  9 giant rats
 17 cave spiders
  4 yellow molds
  a green mold
  3 red molds
 65 gnomes
 13 garter snakes
 19 gnome zombies
  9 geckos
 19 jackals
  a fox
  4 kobolds
  7 goblins
  2 sewer rats
 11 grid bugs
  6 lichens
 12 kobold zombies
  8 newts
2620 creatures vanquished.

Genocided or extinct species:
 arch-liches
 krakens
 master liches
 demiliches
 master mind flayers
 liches
 mind flayers
 erinyes (extinct)
 sharks
 electric eels
 dwarf rulers
 soldiers (extinct)
 piranha
 giant eels
 dwarf leaders
 bugbears
 jellyfish
 dwarves
 hobbits
17 species genocided.
2 species extinct.

Sayonara KnightLite the Demigoddess...

You went to your reward with 3367754 points,
The Bell of Opening (worth 5000 zorkmids and 12500 points)
Excalibur (worth 4000 zorkmids and 10000 points)
Snickersnee (worth 1200 zorkmids and 3000 points)
The Tsurugi of Muramasa (worth 4500 zorkmids and 11250 points)
The Book of the Dead (worth 10000 zorkmids and 25000 points)
The Candelabrum of Invocation (worth 5000 zorkmids and 12500 points)
       5 diamonds (worth 20000 zorkmids),
       2 emeralds (worth 5000 zorkmids),
       1 topaz stone (worth 900 zorkmids),
       1 opal (worth 800 zorkmids),
       1 garnet stone (worth 700 zorkmids),
       1 amulet of magical breathing (worth 150 zorkmids),
       1 amulet of flying (worth 150 zorkmids),
and 2 pieces of gold, after 55572 moves.
You were level 22 with a maximum of 346 hit points when you ascended.

